Construct Section Command Post
Selects Air and Sea Battlegroup
Construct Field Infirmary
Construct Platoon Command Post
Selects Commando Section Paradrop
Commando Section Paradrop
Selects Commando LMG Section Paradrop
6-pounder Anti-tank Gun Team
Construct Company Command Post
Selects Anti-tank Rocket Loiter
Unlock Towed 17-pounder Anti-tank Guns
Selects Centaur Medium Tank
Selects Naval Bombardment
Unlock M3 Grant Medium Tanks
Commando LMG Section Paradrop
Commando LMG Section Paradrop